 Dungeon Sprint DCSS version 0.17-a0-1667-g4ca74a1 (webtiles) character file.

2425 Kidiri the Covert (level 9, 0/37 (39) HPs)
             Began as a Spriggan Enchanter on Aug 17, 2015.
             Was a Priest of Dithmenos.
             Succumbed to a redback's poison
             ... in the Dungeon (Sprint III: "The Ten Rune Challenge").
             The game lasted 00:10:00 (1740 turns).

Kidiri the Covert (Spriggan Enchanter)              Turns: 1740, Time: 00:10:01

HP:   0/37 (39)     AC:  4    Str:  4    XL:     9   Next: 24%
MP:   20/25         EV: 30    Int: 19    God:    Dithmenos [***...]
Gold: 24            SH:  0    Dex: 19    Spells: 7 memorised, 5 levels left

rFire  + . .     SeeInvis +     a - +1 dagger
rCold  . . .     Rnd*Rage +     f - +2 robe {rF+}
rNeg   . . .     SustAt   .     (shield restricted)
rPois  .         Gourm    .     (helmet restricted)
rElec  +         Spirit   .     (no cloak)
rCorr  .         Warding  .     (gloves unavailable)
rMut   .         NoTele   +     (boots unavailable)
MR     +....                    (no amulet)
Stlth  +++++++++.               (no ring)
                                (no ring)

@: lethally poisoned (0 -> -32), wreathed by umbra, very quick, somewhat
resistant to hostile enchantments, incredibly stealthy
A: unfitting armour, see invisible, berserk 1, clever 1, herbivore 3, speed 3,
electricity resistance, slow metabolism 2
a: Shadow Step, Renounce Religion


You were in the Dungeon.
You worshipped Dithmenos.
Dithmenos was most pleased with you.
You were not hungry.

You visited 1 branch You collected 24 gold pieces.

Inventory:

Hand weapons
 a - a +1 dagger (weapon)
Armour
 f - a +2 robe of fire resistance (worn)
Magical devices
 c - a wand of polymorph (8)
Scrolls
 j - a scroll of blinking
 l - a scroll of torment
 n - 2 scrolls of remove curse {unknown}
 r - a scroll of holy word {unknown}
Potions
 h - 2 potions of magic
 p - 5 potions of cure mutation
 q - a potion of flight
 t - a potion of resistance
Books
 e - an Akashic Record

   Spells                             Type                      Level
   a - Dispersal                      Translocation                6
   b - Controlled Blink               Translocation                7
   c - Malign Gateway                 Summoning/Translocation      7
   d - Disjunction                    Translocation                8
Comestibles
 d - a bread ration
 o - 2 royal jellies


   Skills:
 + Level 7.3 Short Blades
 * Level 13.0 Dodging
 * Level 14.4 Stealth
 * Level 11.3 Spellcasting
 + Level 4.6 Conjurations
 + Level 8.8 Hexes
 + Level 5.3 Translocations
 + Level 5.0 Ice Magic
 + Level 3.6 Invocations


You had 5 spell levels left.
You knew the following spells:

 Your Spells              Type           Power        Failure   Level  Hunger
a - Corona                Hex            #####..      1%          1    None
b - Ensorcelled Hibernat  Hex/Ice        #####.       1%          2    None
c - Confuse               Hex            #####...     1%          3    None
d - Tukima's Dance        Hex            #####...     1%          3    None
e - Dazzling Spray        Conj/Hex       #####...     1%          3    None
f - Dispersal             Tloc           ####......   93%         6    ######.
g - Controlled Blink      Tloc           N/A          100%        7    #######


Dungeon Overview and Level Annotations

Branches:
Dungeon (1/1)

Altars:
Cheibriados
Dithmenos
Elyvilon
Fedhas
Gozag
Kikubaaqudgha
Makhleb
Nemelex Xobeh
Okawaru
Qazlal
Ru
Sif Muna
Trog
Vehumet
Xom
Yredelemnul
Zin
The Shining One
Jiyva
Lugonu


Innate Abilities, Weirdness & Mutations

You are tiny and cannot use many weapons and most armour.
You have supernaturally acute eyesight.
You are a herbivore.
You cover ground extremely quickly.
You need consume almost no food.
You tend to lose your temper in combat.
Your mind is acute. (Int +2)
You are resistant to electric shocks.


Message History

Dithmenos accepts your kill.
Your Translocations skill increases to level 5!
Your Ice Magic skill increases to level 5!
* * * LOW HITPOINT WARNING * * *
You feel sick.
Casting: Ensorcelled Hibernation
Confirm with . or Enter, or press ? or * to list all spells.
Aiming: Ensorcelled Hibernation
Press: ? - help, Shift-Dir - straight line, f - redback
Aim: a redback (clinging, umbra, chance to defeat MR: 64%)
The redback looks drowsy...
* * * LOW HITPOINT WARNING * * *
You feel sick.
The helpless redback fails to defend itself.
You spit the redback like a pig!!!!
You kill the redback!
Dithmenos accepts your kill.
You now sometimes bleed smoke when heavily injured by enemies.
Your Dodging skill increases to level 13!
You die...

#+## ...# ...# ##'#
...#+#####################
...#....#.#.#)....#......+
...##.#).#.##.###.#.(....#
...'##.#.#.##.#[.##......#
...#...#..#..##.@†.......#
▓▓▓▓▓▓▓▓▓▓▓▓▓▓▓▓▓#.......#
#.......# +.......#
#.......# ##+######


There were no monsters in sight!

Vanquished Creatures
  Erolcha (D)
  A deep elf priest (D)
  A trapdoor spider (D)
  A shadow (D)
  A redback (D)
  2 hill giants (D)
  A spatial vortex (D)
  A necrophage (D)
  3 two-headed ogres (D)
  A water elemental (D)
  A jelly (D)
  Jessica (D)
  A necromancer (D)
  A wizard (D)
  3 humans (D)
  A kobold demonologist (D)
  An ooze (D)
  A phantom (D)
  2 rats (D)
25 creatures vanquished.

Vanquished Creatures (others)
  2 draconian scorchers (D)
  A yaktaur (D)
3 creatures vanquished.

Grand Total: 28 creatures vanquished

Notes
Turn   | Place    | Note
--------------------------------------------------------------
     0 | D        | Kidiri the Spriggan Enchanter began the quest for the Orb.
     0 | D        | Reached XP level 1. HP: 9/9 MP: 5/5
     9 | D        | Reached skill level 5 in Stealth
    34 | D        | Noticed Jessica
    39 | D        | Killed Jessica
    39 | D        | Reached skill level 5 in Dodging
    39 | D        | Reached skill level 6 in Stealth
    39 | D        | Reached XP level 2. HP: 13/13 MP: 6/8
    39 | D        | Reached XP level 3. HP: 16/16 MP: 7/10
    50 | D        | Learned a level 2 spell: Ensorcelled Hibernation
    54 | D        | Learned a level 3 spell: Confuse
    58 | D        | Learned a level 3 spell: Tukima's Dance
    65 | D        | Killed a yaktaur
    81 | D        | Reached skill level 7 in Stealth
    81 | D        | Reached skill level 5 in Spellcasting
   227 | D        | Killed a white draconian scorcher
   264 | D        | Killed a white draconian scorcher
   379 | D        | Learned a level 3 spell: Dazzling Spray
   429 | D        | Gained mutation: You can spit weak poison. [potion of mutation]
   429 | D        | Gained mutation: You are resistant to electric shocks. [potion of mutation]
   429 | D        | Lost mutation: You can spit weak poison. [potion of mutation]
   430 | D        | Gained mutation: Your mind is acute. (Int +2) [potion of mutation]
   430 | D        | Gained mutation: You tend to lose your temper in combat. [potion of mutation]
   496 | D        | Noticed a water elemental
   523 | D        | Killed a water elemental
   523 | D        | Reached skill level 8 in Stealth
   523 | D        | Reached skill level 1 in Conjurations
   523 | D        | Reached skill level 5 in Hexes
   523 | D        | Reached skill level 1 in Ice Magic
   523 | D        | Reached XP level 4. HP: 21/21 MP: 0/12
   628 | D        | Noticed a jelly
   629 | D        | Noticed a shadow
   635 | D        | Killed a jelly
   635 | D        | Reached XP level 5. HP: 24/24 MP: 12/14
   882 | D        | Killed a shadow
   882 | D        | Reached skill level 9 in Stealth
   962 | D        | Noticed a human
   963 | D        | Noticed a human
   966 | D        | Found a bloodstained altar of Trog.
   968 | D        | Found an iron altar of Okawaru.
   982 | D        | Killed a human
   982 | D        | Reached skill level 10 in Stealth
   982 | D        | Reached XP level 6. HP: 28/28 MP: 9/18
   984 | D        | Found a basalt altar of Yredelemnul.
   984 | D        | Noticed a necromancer
   988 | D        | Noticed a necrophage
   988 | D        | Killed a human
   988 | D        | Reached skill level 5 in Short Blades
   988 | D        | Reached skill level 10 in Dodging
   988 | D        | Reached skill level 11 in Stealth
   997 | D        | Killed a necromancer
   997 | D        | Reached XP level 7. HP: 25/32 MP: 5/20
  1004 | D        | Killed a necrophage
  1007 | D        | Found a blossoming altar of Fedhas.
  1026 | D        | Found a snail-covered altar of Cheibriados.
  1128 | D        | Found a stormy altar of Qazlal.
  1129 | D        | Found a sacrificial altar of Ru.
  1129 | D        | Found a burning altar of Makhleb.
  1129 | D        | Found a viscous altar of Jiyva.
  1129 | D        | Found a shimmering altar of Xom.
  1129 | D        | Found a shadowy altar of Dithmenos.
  1129 | D        | Found a sparkling altar of Nemelex Xobeh.
  1129 | D        | Found a corrupted altar of Lugonu.
  1129 | D        | Found an opulent altar of Gozag.
  1129 | D        | Noticed a spatial vortex
  1133 | D        | Became a worshipper of Dithmenos the Shadowed
  1136 | D        | Killed a spatial vortex
  1136 | D        | Reached skill level 12 in Stealth
  1159 | D        | Found a radiant altar of Vehumet.
  1160 | D        | Found a deep blue altar of Sif Muna.
  1160 | D        | Found an ancient bone altar of Kikubaaqudgha.
  1160 | D        | Noticed a wizard
  1166 | D        | Killed a wizard
  1187 | D        | Learned a level 6 spell: Dispersal
  1195 | D        | Learned a level 7 spell: Controlled Blink
  1214 | D        | Found a glowing silver altar of Zin.
  1215 | D        | Found a glowing golden altar of the Shining One.
  1215 | D        | Found a white marble altar of Elyvilon.
  1215 | D        | Noticed a deep elf priest
  1221 | D        | HP: 1/30 [deep elf priest/long sword of holy wrath (5)]
  1223 | D        | Killed a deep elf priest
  1223 | D        | Reached skill level 1 in Translocations
  1223 | D        | Reached skill level 1 in Invocations
  1608 | D        | Noticed a two-headed ogre
  1608 | D        | Noticed a two-headed ogre
  1612 | D        | Noticed a two-headed ogre
  1612 | D        | Killed a two-headed ogre
  1612 | D        | Reached XP level 8. HP: 34/34 MP: 19/22
  1614 | D        | Killed a two-headed ogre
  1614 | D        | Reached skill level 10 in Spellcasting
  1619 | D        | Killed a two-headed ogre
  1619 | D        | Acquired Dithmenos's first power
  1619 | D        | Reached skill level 13 in Stealth
  1697 | D        | Noticed a hill giant
  1700 | D        | Killed a hill giant
  1706 | D        | Noticed a hill giant
  1706 | D        | Noticed Erolcha
  1708 | D        | Killed a hill giant
  1709 | D        | Killed Erolcha
  1709 | D        | Reached skill level 14 in Stealth
  1709 | D        | Reached XP level 9. HP: 37/37 MP: 23/25
  1728 | D        | Noticed a redback
  1732 | D        | Noticed a trapdoor spider
  1738 | D        | Killed a trapdoor spider
  1738 | D        | Reached skill level 5 in Translocations
  1738 | D        | Reached skill level 5 in Ice Magic
  1740 | D        | Killed a redback
  1740 | D        | Acquired Dithmenos's second power
  1740 | D        | Succumbed to a redback's poison

Vault maps used:
D:        dungeon_sprint_mu

Action                   |  1- 3 |  4- 6 |  7- 9 || total
-------------------------+-------+-------+-------++-------
Melee: Dagger            |    22 |    23 |    23 ||    68
 Cast: Confuse           |     4 |     8 |       ||    12
       Dazzling Spray    |     4 |     4 |     7 ||    15
       Ensorcelled Hiber |     1 |     1 |     9 ||    11
  Use: Potion            |     4 |     1 |     1 ||     6
       Scroll            |     4 |       |       ||     4
 Stab: Sleeping          |     5 |     1 |     9 ||    15
       Confused          |     1 |     2 |       ||     3
       Invisible         |       |       |     1 ||     1
  Eat: Fruit             |       |       |     4 ||     4
